 Dungeon Crawl Stone Soup version 0.30.0-29-ga12c61a403 (webtiles) character file.

Game seed: 18249338147618287563

53 H0rd4k the Charlatan (level 4, 0/32 HPs)
             Began as a Human Artificer on June 19, 2023.
             Slain by a gnoll
             ... wielding a +2 halberd of freezing
              (2 damage)
             ... on level 2 of the Dungeon.
             The game lasted 00:01:23 (1193 turns).

H0rd4k the Charlatan (Human Artificer)              Turns: 1193, Time: 00:01:23

Health: 0/32       AC:  4    Str: 18    XL:     4   Next: 10%
Magic:  4/4        EV: 11    Int: 14    God:
Gold:   34         SH:  0    Dex: 13    Spells: 3/3 levels left

rFire   . . .        l - +0 flail
rCold   . . .        (no shield)
rNeg    . . .        b - +0 leather armour
rPois   .            (no helmet)
rElec   .            (no cloak)
rCorr   .            i - +0 pair of gloves
SInv    .            (no boots)
Will    .....        (no amulet)
Stlth   +            j - +6 ring of strength
HPRegen 0.25/turn    (no ring)
MPRegen 0.09/turn

%: no passive effects
@: no status effects
A: no striking features
a: no special abilities


You were on level 2 of the Dungeon.
You visited 1 branch of the dungeon, and saw 2 of its levels.

You collected 34 gold pieces.

Inventory:

Hand Weapons
 l - a +0 flail (weapon)
Armour
 b - a +0 leather armour (worn)
 i - a +0 pair of gloves (worn)
Jewellery
 j - a +6 ring of strength (left hand)
Wands
 c - a wand of flame (13) (quivered)
 d - a wand of charming (13)
 e - a wand of iceblast (5)
Scrolls
 a - 2 scrolls of magic mapping {unknown}
 k - 2 scrolls of identify {unknown}
 m - a scroll of brand weapon {unknown}
Potions
 f - a potion of haste {unknown}
 g - a potion of mutation {unknown}
 h - a potion of curing {unknown}


   Skills:
 + Level 1.3 Fighting
 + Level 1.5 Maces & Flails
 - Level 2.0 Armour
 + Level 1.5 Dodging
 + Level 1.4 Stealth
 + Level 3.7 Evocations


You had 3 spell levels left.
You didn't know any spells.
Your spell library was empty.

Dungeon Overview and Level Annotations

Branches:
Dungeon (2/15)

Altars:


Message History

You kill the frilled lizard!
An endoplasm comes into view.
The endoplasm quivers.
The endoplasm moves out of view.
No target in view!
A gnoll comes into view. It is wielding a +0 whip.
Found two stone staircases leading down.
The endoplasm hits you but does no damage.
The gnoll moves out of view.
An endoplasm is nearby!
You sock the endoplasm!
You kill the endoplasm!
A gnoll is nearby!
A gnoll is nearby!
A gnoll comes into view. It is wielding a +0 club.
There is a stone staircase leading down here.
A gnoll is nearby!
There are monsters nearby!
A gnoll comes into view.
It is wielding a +2 halberd of freezing.
The gnoll shouts! x3; You hear a shout!
You hear an angry hiss.
You hit the gnoll but do no damage. The gnoll barely misses you.
You barely miss the gnoll. The gnoll hits you with a +0 club.
The gnoll hits you from afar with a +2 halberd of freezing.
The gnoll freezes you. The gnoll hits you with a +0 club!
You barely miss the gnoll. The gnoll completely misses you.
The gnoll hits you from afar with a +2 halberd of freezing!
* * * LOW HITPOINT WARNING * * *
The gnoll freezes you.
* * * LOW HITPOINT WARNING * * *
Unknown command.
There is a stone staircase leading down here.
Aiming: Charm
Press: ? - help, Shift-Dir - straight line, f - gnoll
Aim: a gnoll, wielding a +0 club (chance to affect: 67%)
The gnoll is charmed.
The gnoll hits you from afar with a +2 halberd of freezing!
* * * LOW HITPOINT WARNING * * *
The gnoll freezes you.
You die...

.....# ..#..### .
..#....# ##. ..#.##.#
.. #.#....# ..
#.################ .###
#.......#........ ...
#######.#.##....###.#>#
#####+#.#.##....@ggg..#
#.........##...####.###
#.<......###.#....#.#
#........# # #.##.#.#
#........# ...##.#g#
#........# ######.#.#
#........# #.#..
#........########.###
########..........#


You could see 2 gnolls and a friendly gnoll (charmed).

Vanquished Creatures
  An adder (D:2)
  4 endoplasms
  3 giant cockroaches (D:1)
  3 goblins (D:1)
  4 hobgoblins (D:1)
  2 jackals (D:1)
  8 kobolds
  4 quokkas
  2 ball pythons (D:1)
  A bat (D:1)
  4 frilled lizards
  3 rats
39 creatures vanquished.

Vanquished Creatures (others)
  A ball python (D:1)
1 creature vanquished.

Grand Total: 40 creatures vanquished

Notes
Turn   | Place    | Note
-------+----------+-------------------------------------------
     0 | D:1      | H0rd4k the Human Artificer began the quest for the Orb.
     0 | D:1      | Reached XP level 1. HP: 15/15 MP: 1/1
   165 | D:1      | Reached XP level 2. HP: 19/21 MP: 2/2
   481 | D:1      | Reached XP level 3. HP: 22/26 MP: 3/3
   949 | D:2      | Reached skill level 1 in Maces & Flails
  1049 | D:2      | Found a faded altar of an unknown god.
  1156 | D:2      | Reached XP level 4. HP: 32/32 MP: 4/4
  1193 | D:2      | Slain by a gnoll

Illustrated notes

Levels and vault maps discovered:
D:1:      dpeg_arrival_simpleton_a, layout_loops_ring
D:2:      layout_basic, hellmonk_ecumenical_altar_inner_sanctum,
          wander_ebering_terrifying_dragon_lair

Skill      XL: |  1  2  3 |
---------------+----------+-----
Maces & Flails | 1 |  1.5
Fighting       | |  1.3
Armour         | |  2.0
Dodging        | |  1.5
Stealth        | |  1.4
Evocations     | |  3.7

Action                     |  1- 3 |  4- 6 || total
---------------------------+-------+-------++-------
  Melee: Club              |    26 |       ||    26
         Punch             |     3 |       ||     3
         Whip              |   107 |       ||   107
         Flail             |    30 |    11 ||    41
  Evoke: Wand              |     3 |     1 ||     4
   Stab: Sleeping          |     6 |       ||     6
 Armour: Leather armour    |    52 |     2 ||    54
  Dodge: Dodged            |   109 |     7 ||   116
